 Dungeon Crawl Stone Soup version 0.16.0-16-g311141a (webtiles) character file.

172 Nefaurd the Changer (level 5, -3/22 HPs)
             Began as a Felid Transmuter on Mar 19, 2015.
             Was an Initiate of Sif Muna.
             Killed by nerve-wracking pain
             ... invoked by Menkaure
              (13 damage)
             ... on level 4 of the Dungeon.
             The game lasted 00:24:50 (3206 turns).

Nefaurd the Changer (Felid Transmuter)              Turns: 3206, Time: 00:24:50

Health: -3/22      AC:  2    Str:  6    XL:     5   Next: 27%
Magic:  9/12       EV: 23    Int: 15    God:    Sif Muna [......]
Gold:   151        SH:  0    Dex: 22    Spells: 2 memorised, 4 levels left
                                        Lives:  0   Deaths: 1

rFire  . . .     SeeInvis +       - Unarmed
rCold  . . .     Clarity  .     (armour unavailable)
rNeg   . . .     SustAb   +     (shield unavailable)
rPois  x         Gourm    .     (helmet unavailable)
rElec  .         Spirit   .     (cloak unavailable)
rCorr  .         Warding  .     (gloves unavailable)
rMut   .         Stasis   .     (boots unavailable)
MR     .....                    (no amulet)
Stlth  +++.......               (no ring)
                                p - ring of sustain abilities

@: spider-form, not resistant to hostile enchantments, fairly stealthy
A: paw claws, no armour, no weapons or thrown items, (fangs 0), see invisible,
carnivore 3, (speed 0), (shaggy fur 0), slow metabolism 1, (sharp paws)
a: End Transformation, Renounce Religion


You were on level 4 of the Dungeon.
You worshipped Sif Muna.
Sif Muna was noncommittal.
You were not hungry.
You were a venomous arachnid creature.
You visited 2 branches of the dungeon, and saw 5 of its levels.

You collected 151 gold pieces.

Inventory:

Missiles
 b - 12 arrows
Jewellery
 p - a ring of sustain abilities (left front leg)
Scrolls
 c - 2 scrolls of remove curse
 h - 4 scrolls of magic mapping
 j - a scroll of noise {unknown}
 l - 4 scrolls of enchant armour
 m - a scroll of recharging {unknown}
 q - a scroll of fear {unknown}
Potions
 e - 3 potions of curing
 f - a potion of ambrosia {unknown}
 g - a potion of heal wounds {unknown}
 i - a potion of restore abilities {unknown}
 n - a potion of haste
 r - a potion of resistance
 t - a potion of magic {unknown}
 u - a potion of agility {unknown}
 v - a potion of poison {unknown}
 w - a potion of berserk rage {unknown}
Books
 d - a book of Changes

   Spells                             Type                      Level
   a - Beastly Appendage              Transmutation                1
   b - Sticks to Snakes               Transmutation                2
   c - Spider Form                    Transmutation/Poison         3
   d - Ice Form                       Ice/Transmutation            4
   e - Blade Hands                    Transmutation                5
Comestibles
 a - 2 meat rations
 k - 3 beef jerkies
 o - a slice of pizza
 s - a royal jelly


   Skills:
 - Level 1.0 Fighting
 + Level 3.6 Dodging
 * Level 2.4 Stealth
 * Level 3.4 Unarmed Combat
 + Level 2.0 Spellcasting
 * Level 5.5 Transmutations


You had 4 spell levels left.
You knew the following spells:

 Your Spells              Type           Power        Failure   Level  Hunger
a - Beastly Appendage     Trmt           ###...       8%          1    #......
b - Spider Form           Trmt/Pois      #.........   45%         3    ###....


Dungeon Overview and Level Annotations

Branches:
Dungeon (4/15)             Temple (1/1) D:4

Altars:
Ashenzari
Cheibriados
Dithmenos
Elyvilon
Fedhas
Gozag
Kikubaaqudgha
Makhleb
Qazlal
Ru
Sif Muna
Trog
Xom
Yredelemnul
Zin
The Shining One

Annotations:
D:4 Menkaure


Innate Abilities, Weirdness & Mutations

You cannot wear armour.
You are incapable of wielding weapons or throwing items.
((You have razor-sharp teeth.))
You have supernaturally acute eyesight.
You are carnivorous and can eat meat at any time.
((You cover ground quickly.))
((You are covered in fur (AC +1).))
You have a slow metabolism.
((Your paws have sharp claws that are effective at stabbing.))


Message History

Here: Menkaure The floor.
You aren't carrying any items that can be evoked.
Casting: Beastly Appendage
Confirm with . or Enter, or press ? or * to list all spells.
You turn into a venomous arachnid creature.
Menkaure gestures at you while chanting.
Pain shoots through your body!
You barely miss Menkaure.
Menkaure gestures at you while chanting.
Pain shoots through your body!
You hit Menkaure but do no damage.
Menkaure calls on the powers of darkness!
Your body is wracked with pain!
You hit Menkaure but do no damage. You completely miss Menkaure.
Menkaure gestures at you while chanting.
Pain shoots through your body!
Ouch! That really hurt!
You die...

.# #.......#.####
.# #.......#....#
.# #.......#....#
.# ##......#....#
#######.###.......#
#.....# #.......#
#.....# #.......#
#.....####'#'####
+........#.#..s.#
#.....#<^..####M#
#.....#.#..####.#
#.....#.......#.#
#####.####..#.#.#
######.####..#.#.#
..)..........#.#.#
#####...........#.#
...##...........#.


You could see Menkaure.

Vanquished Creatures
  A phantom (D:4)
  An orc wizard (D:3)
  4 adders
  2 giant geckos
  An ooze (D:3)
  5 orcs (D:3)
  3 ball pythons
  6 giant cockroaches
  7 hobgoblins
  3 jackals (D:2)
  3 quokkas
  11 bats
  2 giant newts
  9 goblins
  8 kobolds
  10 rats
76 creatures vanquished.

Notes
Turn   | Place    | Note
--------------------------------------------------------------
     0 | D:1      | Nefaurd, the Felid Transmuter, began the quest for the Orb.
     0 | D:1      | Reached XP level 1. HP: 9/9 MP: 4/4
   321 | D:1      | Reached XP level 2. HP: 12/12 MP: 3/5
   345 | D:1      | Reached skill level 1 in Stealth
   929 | D:2      | Reached XP level 3. HP: 13/15 MP: 6/8
  1691 | D:2      | Found a stormy altar of Qazlal.
  1796 | D:3      | Found a sacrificial altar of Ru.
  1888 | D:3      | Reached XP level 4. HP: 16/19 MP: 8/10
  1925 | D:3      | Slain by an adder
  1926 | D:3      | Reached XP level 3. HP: -1/15 MP: 8/8
  1937 | D:3      | Found a snail-covered altar of Cheibriados.
  2027 | D:3      | Reached skill level 4 in Transmutations
  2264 | D:3      | Reached XP level 4. HP: 19/19 MP: 8/10
  2730 | D:4      | Found a white marble altar of Elyvilon.
  2758 | D:4      | Noticed a phantom
  2781 | D:4      | Killed a phantom
  2781 | D:4      | Reached skill level 5 in Transmutations
  2781 | D:4      | Reached XP level 5. HP: 13/22 MP: 12/12
  2824 | D:4      | Learned a level 3 spell: Spider Form
  2853 | D:4      | Found a staircase to the Ecumenical Temple.
  2862 | Temple   | Entered the Ecumenical Temple
  3134 | Temple   | Became a worshipper of Sif Muna the Loreminder
  3201 | D:4      | Noticed Menkaure
  3206 | D:4      | Killed from afar by Menkaure

Action                   |  1- 3 |  4- 6 || total
-------------------------+-------+-------++-------
Melee: Unarmed           |   147 |    59 ||   206
 Cast: Beastly Appendage |    21 |     2 ||    23
       Spider Form       |       |     1 ||     1
  Use: Scroll            |     5 |     1 ||     6
 Stab: Sleeping          |     6 |     6 ||    12
       Distracted        |     1 |       ||     1
  Eat: Chunk             |     8 |     2 ||    10
